 Dungeon Crawl Stone Soup version 0.29.1-1-gd02db6906a (webtiles) character file.

Game seed: 2698795640693709654

119 Icepheonix32 the Insei (level 5, -3/37 HPs)
             Began as a Merfolk Transmuter on Oct 5, 2022.
             Slain by a water moccasin (5 damage)
             ... in a sewer.
             The game lasted 00:04:28 (2996 turns).

Icepheonix32 the Insei (Merfolk Transmuter)         Turns: 2996, Time: 00:04:29

Health: -3/37      AC:  2    Str: 10    XL:     5   Next: 3%
Magic:  7/8        EV: 13    Int: 14    God:
Gold:   123        SH:  0    Dex: 15    Spells: 3/9 levels left

rFire   . . .      SeeInvis .     - Unarmed
rCold   + . .      Faith    .   (no shield)
rNeg    . . .      Spirit   .   d - +0 robe {rC+}
rPois   .          Reflect  .   (helmet currently unavailable)
rElec   .          Harm     .   (no cloak)
rCorr   .          Rampage  .   (no gloves)
Will    .....                   (boots currently unavailable)
Stlth   +.........              (no amulet)
HPRegen 0.12/turn               (no ring)
MPRegen 0.11/turn               (no ring)

@: lethally poisoned (-3 -> -6), appendages
A: horns 2, (nimble swimmer 2), mertail
a: End Transformation


You were in a sewer.
You had temporarily grown beastly horns.
You visited 1 branch of the dungeon, and saw 3 of its levels.
You also visited: Sewer.

You collected 123 gold pieces.

Inventory:

Armour
 d - a +0 robe of cold resistance (worn)
 j - a +1 leather armour of fire resistance
Scrolls
 a - 2 scrolls of teleportation {unknown}
 c - 2 scrolls of magic mapping {unknown}
 e - 2 scrolls of butterflies
 f - 2 scrolls of amnesia {unknown}
 h - a scroll of identify
 i - a scroll of noise {unknown}
Potions
 b - a potion of mutation {unknown}
 g - a potion of curing {unknown}


   Skills:
 + Level 1.4 Fighting
 + Level 3.5 Dodging
 + Level 0.3 Stealth
 + Level 4.4 Unarmed Combat
 + Level 2.6 Spellcasting
 * Level 3.8 Transmutations
 * Level 1.0 Poison Magic


You had 3 spell levels left.
You knew the following spells:

 Your Spells              Type           Power      Damage    Failure   Level
a - Beastly Appendage     Tmut           24%        N/A       4%          1
b - Wereblood             Tmut           12%        N/A       7%          2
c - Spider Form           Tmut/Pois      8%         N/A       24%         3

Your spell library contained the following spells:

 Spells                   Type           Power      Damage    Failure   Level
 Ice Form                 Ice/Tmut       7%         N/A       71%         4


Dungeon Overview and Level Annotations

Branches:
Dungeon (3/15)              Sewer (1/1)

Altars:
Vehumet


Innate Abilities, Weirdness & Mutations

You have temporarily grown beastly horns.
((You are very nimble when in or above water. (Stealth+, EV+, Speed+++)))
Your lower body shifts to a powerful aquatic tail in water.


Message History

Your legs become a tail as you enter the water.
Your legs become a tail as you enter the water.
Your legs become a tail as you enter the water.
A water moccasin comes into view.
Found 2 large rocks and a scroll labelled HAUCKAO SIOPYE.
Found 25 gold pieces.
Found 13 gold pieces.
The water moccasin closely misses you.
Your transformation is almost over.
The water moccasin attacks as you move away!
The water moccasin bites you!
Your legs become a tail as you enter the water.
The water moccasin misses you.
Casting: Beastly Appendage (safe; 4% risk of failure)
Confirm with . or Enter, or press ? or * to list all spells.
You extend your transformation's duration.
The water moccasin closely misses you.
You hit the water moccasin.
The water moccasin is lightly wounded.
The water moccasin completely misses you.
The water moccasin bites you.
You are poisoned.
The water moccasin poisons you!
You miss the water moccasin.
Your headbutt misses the water moccasin.
The water moccasin is lightly wounded.
You feel sick. The water moccasin bites you.
You hit the water moccasin.
The water moccasin is moderately wounded.
You feel sick. The water moccasin bites you!
You hit the water moccasin.
The water moccasin is heavily wounded.
You feel sick. The water moccasin bites you!
* * * LOW HITPOINT WARNING * * *
You hit the water moccasin. You headbutt the water moccasin.
Your punch misses the water moccasin.
The water moccasin is severely wounded.
* * * LOW HITPOINT WARNING * * *
You feel sick. The water moccasin bites you.
You die...

#?(#. $
$.#.#.
#...#
##...##
#~...~#
#..~..##
#..~#...#
#.~ ##S.##
#.. #@..#
#. ##~.#
#.. #..#
#.~ #..#
#..# ##.~#
#... #.~.#
#.~###..##
#.~~#.~.#
#.~.~†##


You could see a water moccasin.

Vanquished Creatures
  5 adders (D:2)
  2 dart slugs (D:2)
  4 endoplasms
  5 giant cockroaches
  4 goblins
  5 hobgoblins
  12 jackals
  3 kobolds (D:1)
  7 quokkas
  A ball python (D:3)
  7 bats
  3 frilled lizards (D:2)
  2 rats (D:1)
60 creatures vanquished.

Notes
Turn   | Place    | Note
-------+----------+-------------------------------------------
     0 | D:1      | Icepheonix32 the Merfolk Transmuter began the quest for the
                  | Orb.
     0 | D:1      | Reached XP level 1. HP: 15/15 MP: 3/3
   236 | D:1      | Reached XP level 2. HP: 6/21 MP: 3/5
  1089 | D:1      | Reached XP level 3. HP: 24/26 MP: 4/6
  1096 | D:1      | Learned a level 2 spell: Wereblood
  1100 | D:1      | Learned a level 3 spell: Spider Form
  1326 | D:2      | Reached skill level 4 in Unarmed Combat
  1690 | D:2      | Reached XP level 4. HP: 32/32 MP: 7/7
  1974 | D:2      | Found a faded altar of an unknown god.
  2608 | D:2      | Found a radiant altar of Vehumet.
  2861 | D:3      | Found a glowing drain.
  2872 | D:3      | Reached skill level 1 in Poison Magic
  2889 | D:3      | Reached XP level 5. HP: 37/37 MP: 5/8
  2934 | Sewer    | Entered a sewer
  2983 | Sewer    | Noticed a water moccasin
  2996 | Sewer    | Slain by a water moccasin

Illustrated notes

Levels and vault maps discovered:
D:1:      saegor_arrival_simple_a, layout_loops_cross
D:2:      layout_loops_cross, basic_ecumenical_altar, basic_altar
D:3:      layout_loops_cross, mainiacjoe_overflow_concentric_impassable,
          portal_sewer_entry_f, grunt_decor_mini_mirrors
Sewer:    sewer_the_moccasin

Skill      XL: |  1  2  3  4 |
---------------+-------------+-----
Transmutations | 3 |  3.8
Dodging        | 3 |  3.5
Unarmed Combat | 4 |  4.4
Poison Magic   | 1 |  1.0
Fighting       | |  1.4
Stealth        | |  0.3
Spellcasting   | |  2.6

Action                   |  1- 3 |  4- 6 || total
-------------------------+-------+-------++-------
Melee: Unarmed           |    84 |    94 ||   178
       Headbutt          |     6 |    10 ||    16
       Punch             |     1 |     3 ||     4
 Cast: Beastly Appendage |    15 |    18 ||    33
       Wereblood         |       |     2 ||     2
  Use: Potion            |     2 |     1 ||     3
       Scroll            |     2 |       ||     2
 Stab: Sleeping          |       |     1 ||     1
Armor: Robe              |    20 |    17 ||    37
       Skin              |     4 |       ||     4
Dodge: Dodged            |    59 |   105 ||   164
